 Seeded DCSS version 0.26.1-2-gb8aa6d0cf2 (webtiles) character file.

Game seed: 6778010471827472560 (custom seed)

646254 oldmanjim the Conqueror (level 27, -6/273 HPs)
             Began as a Minotaur Fighter on Mar 15, 2021.
             Was an Initiate of Gozag.
             Killed from afar by an acid blob (8 damage)
             ... with a splash of acid
             ... created by the Royal Jelly
             ... on level 4 of the Pits of Slime on Mar 21, 2021.
             The game lasted 08:18:29 (71378 turns).

oldmanjim the Conqueror (Minotaur Fighter)         Turns: 71378, Time: 08:18:29

Health: -6/273     AC: 16    Str: 42    XL:     27
Magic:  17/17      EV: 12    Int:  6    God:    Gozag
Gold:   12146      SH: 34    Dex: 10    Spells: 26/26 levels left

rFire    + + .     SeeInvis +   a - +8 mithril axe "Arga" {speed, Will+}
rCold    + . .     Faith    .   t - +18 shield of the Gong {rElec rN+ Will+ EV-5}
rNeg     + . .     Spirit   .   L - +4 gold dragon scales
rPois    +         Reflect  .   f - +0 hat
rElec    +         Harm     .   x - scarf {rC+ rF+}
rCorr    +         Rampage  .   T - +2 pair of gloves
Will     ++++.                  B - +2 pair of boots {run}
Stlth    ..........             V - amulet of Nimiw {Acrobat rElec rC- Str+3 SInv}
HPRegen  0.55/turn              S - ring of resist corrosion
MPRegen  0.15/turn              p - +6 ring of strength

@: corroded, quick
A: retaliatory headbutt, hooves 1, horns 2, iridescent scales 1, blurry vision
1, deterioration 1, low mp 2, screaming 2, subdued magic 1
}: 2/15 runes: decaying, gossamer
a: Renounce Religion, Potion Petition, Call Merchant, Bribe Branch


You were on level 4 of the Pits of Slime.
You worshipped Gozag.
Gozag was extremely pleased with you.
You visited 10 branches of the dungeon, and saw 49 of its levels.
You visited 1 bazaar.
You visited 1 ziggurat, and saw 12 of its levels.

You collected 29028 gold pieces.
You spent 14425 gold pieces at shops.
You paid 2457 gold pieces to Gozag.

Inventory:

Hand Weapons
 a - the +8 mithril axe "Arga" (weapon) {speed, Will+}
   (You took it off a deep elf death mage on level 3 of the Elven Halls)

   Attacks with this weapon are significantly faster.
   It affects your willpower, your defense against some magical effects.
 b - the +8 hand crossbow of Law {penet, rPois}
   (You bought it in a shop on level 8 of the Dungeon)

   Ammo fired by it passes through the targets it hits, potentially hitting all
   targets in its path until it reaches maximum range.
   It protects you from poison.
 E - a +9 vorpal broad axe
Missiles
 H - 1239 bolts
Armour
 f - a +0 hat (worn)
 t - the +18 shield of the Gong (worn) {rElec rN+ Will+ EV-5}
   (You bought it in a shop on level 8 of the Dungeon)

   It affects your evasion (-5).
   It insulates you from electricity.
   It protects you from negative energy.
   It affects your willpower, your defense against some magical effects.
 x - a scarf of resistance (worn)
 B - a +2 pair of boots of running (worn)
 L - +4 gold dragon scales (worn)
 M - a +2 pair of boots of flying
 T - a +2 pair of gloves (worn)
Jewellery
 p - a +6 ring of strength (right hand)
 q - a +6 ring of strength
 w - the ring of the Burgomaster {Will+ Int+3 Stlth-}
   (You found it on level 6 of a ziggurat)

   [ring of attention]

   It affects your intelligence (+3).
   It affects your willpower, your defense against some magical effects.
   It makes you less stealthy.
 J - the ring "Ahedim" {rF- rC- rN+++ rCorr Slay+4}
   (You found it on level 3 of the Elven Halls)

   [ring of resist corrosion]

   It affects your accuracy and damage with ranged weapons and melee attacks
   (+4).
   It makes you vulnerable to fire.
   It makes you vulnerable to cold.
   It renders you almost immune to negative energy.
   It provides partial protection from all sources of acid and corrosion.
 R - an uncursed ring of protection from fire
 S - a ring of resist corrosion (left hand)
 V - the amulet of Nimiw (around neck) {Acrobat rElec rC- Str+3 SInv}
   (You found it on level 7 of the Dungeon)

   [amulet of the acrobat]

   It helps you evade while moving and waiting.
   It affects your strength (+3).
   It makes you vulnerable to cold.
   It insulates you from electricity.
   It lets you see invisible.
 X - an uncursed ring of ice
Wands
 c - a wand of enslavement (5)
 r - a wand of acid (30)
 C - a wand of digging (30)
 P - a wand of disintegration (13)
 W - a wand of iceblast (14)
Scrolls
 h - 17 scrolls of remove curse
 j - 12 scrolls of magic mapping
 o - 9 scrolls of blinking
 s - 28 scrolls of teleportation
 u - 2 scrolls of holy word
 F - 4 scrolls of summoning
 G - 17 scrolls of identify
 I - 7 scrolls of fear
 O - 3 scrolls of silence
 Q - 10 scrolls of immolation
 Y - 11 scrolls of fog
Potions
 d - 4 potions of might
 e - 6 potions of ambrosia
 g - a potion of berserk rage
 k - 3 potions of resistance
 l - 18 potions of mutation
 m - 15 potions of magic
 n - 7 potions of cancellation
 v - 8 potions of lignification
 z - 13 potions of heal wounds
 A - 8 potions of invisibility
 D - 4 potions of flight
 N - 7 potions of haste
 U - 12 potions of curing
Miscellaneous
 Z - a phantom mirror (inert)


   Skills:
 O Level 27 Fighting
 - Level 20.0 Axes
 - Level 18.0 Crossbows
 * Level 5.7 Throwing
 + Level 25.7 Armour
 + Level 20.3 Dodging
 - Level 15.0 Shields
 - Level 15.0 Evocations


You had 26 spell levels left.
You didn't know any spells.
Your spell library contained the following spells:

 Spells                   Type           Power        Failure   Level
 Animate Skeleton         Necr           0%           86%         1
 Apportation              Tloc           0%           86%         1
 Beastly Appendage        Tmut           0%           86%         1
 Corona                   Hex            0%           86%         1
 Foxfire                  Conj/Fire      0%           86%         1
 Freeze                   Ice            0%           86%         1
 Magic Dart               Conj           0%           86%         1
 Pain                     Necr           0%           86%         1
 Shock                    Conj/Air       0%           86%         1
 Sting                    Tmut/Pois      0%           86%         1
 Summon Small Mammal      Summ           0%           86%         1
 Blink                    Tloc           N/A          94%         2
 Corpse Rot               Necr/Air       N/A          94%         2
 Ensorcelled Hibernation  Hex/Ice        0%           94%         2
 Passwall                 Tmut/Erth      0%           94%         2
 Poisonous Vapours        Pois/Air       0%           94%         2
 Searing Ray              Conj           0%           94%         2
 Slow                     Hex            0%           94%         2
 Sublimation of Blood     Necr           0%           94%         2
 Swiftness                Air            0%           94%         2
 Wereblood                Tmut           0%           94%         2
 Conjure Flame            Conj/Fire      0%           99%         3
 Dazzling Flash           Conj/Hex       0%           99%         3
 Frozen Ramparts          Ice            0%           99%         3
 Gell's Gravitas          Tloc           0%           99%         3
 Ignite Poison            Fire/Tmut/Pois 0%           99%         3
 Inner Flame              Hex/Fire       0%           99%         3
 Lesser Beckoning         Tloc           0%           99%         3
 Mephitic Cloud           Conj/Pois/Air  0%           99%         3
 Ozocubu's Armour         Ice            0%           99%         3
 Portal Projectile        Hex/Tloc       0%           99%         3
 Spider Form              Tmut/Pois      0%           99%         3
 Static Discharge         Conj/Air       0%           99%         3
 Teleport Other           Tloc           0%           99%         3
 Tukima's Dance           Hex            0%           99%         3
 Vampiric Draining        Necr           0%           99%         3
 Airstrike                Air            0%           100%        4
 Animate Dead             Necr           0%           100%        4
 Cause Fear               Hex            0%           100%        4
 Dispel Undead            Necr           0%           100%        4
 Fulminant Prism          Conj/Hex       0%           100%        4
 Hailstorm                Conj/Ice       0%           100%        4
 Ice Form                 Ice/Tmut       0%           100%        4
 Iskenderun's Mystic Bla  Conj/Tloc      0%           100%        4
 Leda's Liquefaction      Hex/Erth       0%           100%        4
 Olgreb's Toxic Radiance  Pois           0%           100%        4
 Passage of Golubria      Tloc           N/A          100%        4
 Sticky Flame             Conj/Fire      0%           100%        4
 Summon Ice Beast         Ice/Summ       0%           100%        4
 Agony                    Necr           0%           100%        5
 Alistair's Intoxication  Tmut/Pois      0%           100%        5
 Blade Hands              Tmut           0%           100%        5
 Borgnjor's Vile Clutch   Necr/Erth      0%           100%        5
 Excruciating Wounds      Necr           0%           100%        5
 Fireball                 Conj/Fire      0%           100%        5
 Irradiate                Conj/Tmut      0%           100%        5
 Lee's Rapid Deconstruct  Erth           0%           100%        5
 Lightning Bolt           Conj/Air       0%           100%        5
 Metabolic Englaciation   Hex/Ice        0%           100%        5
 Silence                  Hex/Air        0%           100%        5
 Yara's Violent Unravell  Hex/Tmut       0%           100%        5
 Freezing Cloud           Conj/Ice/Air   0%           100%        6
 Hydra Form               Tmut           0%           100%        6
 Invisibility             Hex            0%           100%        6
 Ozocubu's Refrigeration  Ice            0%           100%        6
 Shadow Creatures         Summ           N/A          100%        6
 Simulacrum               Ice/Necr       0%           100%        6
 Statue Form              Tmut/Erth      0%           100%        6
 Dragon Form              Tmut           0%           100%        7
 Haunt                    Necr/Summ      0%           100%        7
 Borgnjor's Revivificati  Necr           0%           100%        8
 Discord                  Hex            0%           100%        8
 Ignition                 Fire           0%           100%        8
 Infestation              Necr           0%           100%        8
 Necromutation            Tmut/Necr      0%           100%        8
 Death's Door             Necr           0%           100%        9
 Shatter                  Erth           0%           100%        9
 Tornado                  Air            0%           100%        9


Dungeon Overview and Level Annotations

Branches:
Dungeon (15/15)            Temple (1/1) D:5            Lair (6/6) D:9
  Swamp (4/4) Lair:4       Spider (4/4) Lair:4        Slime (5/5) Lair:6
    Orc (2/2) D:12            Elf (3/3) Orc:2        Vaults (4/5) D:14
  Crypt (0/3) Vaults:3     Depths (5/5) D:15            Zot (0/5) Depths:5

Altars:
Ashenzari
Cheibriados
Dithmenos
Elyvilon
Fedhas
Gozag
Hepliaklqana
Kikubaaqudgha
Makhleb
Nemelex Xobeh
Okawaru
Qazlal
Ru
Sif Muna
Trog
Uskayaw
Vehumet
Wu Jian
Xom
Yredelemnul
Zin
The Shining One
Beogh

Shops:
D:8 (:[:   D:12 (}=   D:15 *[   Orc:2 }?(??   Elf:1 (=***   Vaults:1 (
Vaults:2 [}[*:   Vaults:4 !   Depths:2 (

Portals:
Hell: Depths:1 Depths:2 Depths:3 Depths:4 Depths:5
Abyss: Depths:1 Depths:3 Depths:4
Pandemonium: Orc:2 Depths:1 Depths:3 Depths:4

Annotations:
D:4 1 runed translucent door, exclusion: door, Crazy Yiuf
D:9 2 transporters, axecop's ghost, novice NaDe
Slime:5 Royal Jelly
Elf:3 exclusion: door


Innate Abilities, Weirdness & Mutations

You reflexively headbutt those who attack you in melee.
You have a pair of horns on your head.
You have large cloven feet.
You are partially covered in iridescent scales. (AC +2)
Scrolls take you a little longer to read.
Your body sometimes deteriorates upon taking damage.
Your magical capacity is very low. (-20% MP)
You sometimes yell uncontrollably at your foes.
Your spells are a little easier to cast, but a little less powerful.


Message History

* * * LOW HITPOINT WARNING * * *
You block the great orb of eyes's attack.
GONNNNG!
You begin reading the scroll.
You continue reading the scroll.
The acid blob hits you!
* * * LOW HITPOINT WARNING * * *
You are splashed with acid.
You resist.
* * * LOW HITPOINT WARNING * * *
The acid blob spits acid at you. The splash of acid hits you. You resist.
* * * LOW HITPOINT WARNING * * *
The acid corrodes you!
You are splashed with acid.
You resist.
* * * LOW HITPOINT WARNING * * *
The acid blob spits acid at you. You block the splash of acid.
PANG!
The acid blob spits acid at you. The splash of acid hits you! You resist.
You die...
Your body crumbles into a pile of gold.

#.#.##....##..## ##....####.
####.............######......###.
#.#.#.............#.##...........
.................#$..............
#.......#........##......##......
##......#................####...#
#.....................#.## ####.
##.............GGJ.......# ##
#.......###.#..@J..$...## #.
##.##.####....J.J.(#.### ##
####.## ##.#.....#### #. #...##
##........## ##
##....####.........# #
##......##.......#..## ##
#....................# #.
......#............##..# #.
#.#.###........##..# ...# ##


You could see 4 acid blobs and 2 great orbs of eyes.

Vanquished Creatures
  Mara (Depths:3)
  the Lernaean hydra (Swamp:4)
  2 Killer Klowns
  Frederick (Depths:3)
  Saint Roka (Depths:5)
  2 caustic shrikes (Depths:4)
  The ghost of Fidoaf the Warrior, an adept DgCj (Depths:5)
  The ghost of wjchen the Warrior, an adept MiFi of Okawaru (Elf:1)
  9 golden dragons
  Nikola (Spider:2)
  the Enchantress (D:15)
  10 liches
  A Hell Sentinel (Zig:8)
  8 tentacled monstrosities
  2 deep elf blademasters (Elf:3)
  2 deep elf master archers
  A quicksilver dragon (Depths:4)
  3 titans
  A sphinx (shapeshifter) (Zig:5)
  20 acid blobs
  Asterion (Vaults:3)
  2 ancient champions (Vaults:2)
  Frances (Spider:1)
  4 draconian monks
  2 storm dragons
  6 sphinxes
  3 shadow dragons
  A thorn hunter (Zig:10)
  Agnes (D:15)
  14 azure jellies
  The ghost of axecop the Cleaver, an adept DsAK of Lugonu (Elf:2)
  9 tengu reavers
  Roxanne (D:14)
  3 draconian knights
  A fenstrider witch (Swamp:2)
  A fire giant (shapeshifter) (Vaults:3)
  4 cacodemons
  17 frost giants
  2 nagarajas (Zig:6)
  Aizul (Spider:2)
  12 vault wardens
  Louise (Swamp:3)
  4 ghost moths
  8 fire giants
  A curse skull (Vaults:3)
  6 deep elf sorcerers
  The ghost of Bolleh the Thaumaturge, a journeyman GnSk of Makhleb (Spider:4)
  2 iron dragons
  2 draconian scorchers
  2 deep elf elementalists (Elf:3)
  A juggernaut zombie (Zig:11)
  12 ironheart preservers
  The ghost of Kuralita the Martial Artist, a journeyman OpTm of Makhleb (D:15)
  8 emperor scorpions
  4 draconian shifters
  4 reapers
  8 spriggan defenders
  22 very ugly things
  3 draconian annihilators
  Nessos (Lair:4)
  16 stone giants
  2 war gargoyles (Vaults:3)
  5 vampire knights
  5 deep elf demonologists
  A black draconian (Zig:9)
  Azrael (Elf:1)
  2 red draconians
  3 entropy weavers
  2 yellow draconians
  A dire elephant (shapeshifter) (Zig:3)
  6 bunyips
  4 green draconians
  8 spark wasps
  4 eleionomae
  11 deep elf annihilators
  3 white draconians (Depths:5)
  Snorg (Lair:6)
  An ettin (shapeshifter) (Depths:2)
  2 merfolk javelineers (Zig:4)
  14 ettins
  14 fire dragons
  18 yaktaur captains
  7 deep elf death magi
  3 jiangshi
  2 blizzard demons
  Erolcha (Orc:1)
  3 death oozes
  A shambling mangrove (Swamp:3)
  7 deep elf high priests
  12 great orbs of eyes
  12 vault guards
  9 boulder beetles
  7 rakshasas
  A hell beast (Depths:3)
  2 ghost crabs
  39 hydras
  13 ice dragons
  An anaconda (shapeshifter) (Depths:3)
  3 spriggan air magi
  56 two-headed ogres
  7 alligators
  11 centaur warriors
  19 ogre magi
  3 death knights
  11 deep troll shamans
  7 orc high priests
  2 vampire magi (Depths:3)
  3 death yaks
  7 deep troll earth magi
  24 deep elf knights
  2 thrashing horrors (Zig:7)
  A shock serpent (Zig:6)
  6 tengu warriors
  Urug (Orc:2)
  A naga sharpshooter (Zig:6)
  3 spriggan berserkers
  3 sun demons
  15 spriggans
  The ghost of buriedalive the Nimble, a novice DECj of Vehumet (D:8)
  Sonja (Orc:2)
  An iron golem (Zig:8)
  9 hell knights
  7 iron trolls
  A wretched star (Zig:7)
  A sixfirhy (Orc:2)
  5 spriggan druids
  3 goliath frogs
  A death drake (shapeshifter) (D:14)
  6 unseen horrors
  4 skeletal warriors (Vaults:1)
  A deep troll (shapeshifter) (Vaults:2)
  8 glowing orange brains
  31 deep trolls
  A gelid demonspawn (Orc:2)
  An infernal demonspawn (Depths:1)
  14 bog bodies
  15 swamp dragons
  6 flayed ghosts
  A torturous demonspawn (Orc:2)
  12 deep elf archers
  4 orange crystal statues
  A wizard (Vaults:3)
  21 ironbrand convokers
  A tengu zombie (Zig:11)
  3 phantasmal warriors
  2 obsidian statues
  16 orc knights
  9 harpies
  8 necromancers
  A harpy (shapeshifter) (Depths:2)
  45 ugly things
  24 wolf spiders
  A tengu skeleton (Zig:8)
  13 orb spiders
  64 deep elf magi
  5 cyclopes
  7 orc sorcerers
  2 stone giant zombies
  3 will-o-the-wisps
  9 shining eyes
  2 manticores (D:12)
  10 oklob plants
  A faun (Zig:4)
  2 moths of wrath
  An elephant (shapeshifter) (Zig:5)
  A frost giant zombie (Zig:8)
  2 fire giant zombies (Zig:11)
  8 vault sentinels
  10 elephants
  A centaur zombie (D:13)
  An eye of devastation (shapeshifter) (Vaults:4)
  6 black mambas
  9 rust devils
  2 guardian serpents (Zig:6)
  A naga mage (Zig:6)
  A human skeleton (Vaults:1)
  A smoke demon (Depths:3)
  2 eyes of devastation
  2 torpor snails (Lair:4)
  4 gargoyles
  2 orange demons (Depths:1)
  Maggie (Lair:1)
  3 rime drakes
  55 yaktaurs
  A rime drake (shapeshifter) (Depths:5)
  25 cane toads
  A cane toad (shapeshifter) (Vaults:4)
  7 demonic crawlers
  A hellion (Zig:8)
  A kobold demonologist (D:14)
  2 tormentors (Zig:11)
  4 komodo dragons
  3 ice devils
  5 freezing wraiths
  3 efreet
  2 hellwings
  2 red devils
  7 trolls
  5 tengu conjurers
  A queen bee (Spider:2)
  26 jumping spiders
  A meliai (shapeshifter) (Depths:5)
  3 polar bears
  A queen bee (shapeshifter) (Depths:5)
  A jumping spider (shapeshifter) (Elf:2)
  19 hornets
  10 tyrant leeches
  7 meliai
  A tengu simulacrum (Vaults:3)
  A harpy skeleton (D:15)
  A raiju (shapeshifter) (Vaults:3)
  23 blink frogs
  109 slime creatures
  12 dream sheep (Lair:4)
  2 small abominations (Zig:7)
  A fire giant simulacrum (Vaults:2)
  4 wraiths
  2 spriggans (shapeshifter)
  A ynoxinul (Orc:2)
  A vampire (D:13)
  A shadow (D:12)
  7 air elementals
  An ice dragon skeleton (Vaults:1)
  28 tarantellas
  Sigmund (D:4)
  61 redbacks
  39 yaks
  3 wyverns
  6 golden eyes (Slime:3)
  13 water elementals
  4 large abominations
  5 basilisks
  3 chaos spawn
  A neqoxec (Orc:2)
  3 steam dragons
  12 fire elementals
  6 wargs
  15 vampire mosquitoes
  2 soldier ants
  13 swamp worms
  4 acid dragons
  A naga (shapeshifter) (D:15)
  3 hell hounds
  14 water moccasins
  60 orc warriors
  7 floating eyes
  8 swamp drakes
  A swamp drake (shapeshifter) (D:15)
  13 eyes of draining
  A hornet zombie (D:5)
  6 ice beasts
  2 sky beasts
  2 phantoms
  3 black bears
  An eye of draining (shapeshifter) (Depths:5)
  28 ogres
  13 wolves
  3 centaurs (shapeshifter)
  20 centaurs
  2 boggarts (Depths:4)
  A big kobold (D:13)
  A big kobold (shapeshifter) (Depths:5)
  An elf zombie (Elf:1)
  2 human zombies (Vaults:1)
  2 earth elementals (Elf:1)
  33 bullfrogs
  A water moccasin zombie (D:7)
  3 scorpions
  20 killer bees
  A killer bee (shapeshifter) (Depths:5)
  An orc simulacrum (Vaults:1)
  9 wights
  5 howler monkeys
  4 electric eels
  8 crimson imps
  A bullfrog zombie (D:7)
  6 starcursed masses (Zig:7)
  8 jellies
  20 orc wizards
  31 orc priests
  4 hounds
  2 bullfrog skeletons
  A gnoll shaman (D:8)
  6 iron imps
  5 centaur skeletons
  4 iguanas
  Natasha (D:2)
  8 worker ants
  2 hound skeletons
  2 hound zombies
  A mummy (Zig:11)
  A howler monkey zombie (D:8)
  Robin (D:4)
  4 gnolls
  9 adders
  4 shadow imps
  5 white imps
  4 ufetubi
  An ooze (shapeshifter) (Depths:5)
  2 oozes
  5 worms
  2 worms (shapeshifter)
  A dart slug (shapeshifter) (Depths:5)
  A dart slug (D:1)
  A leopard gecko (D:4)
  102 orcs
  3 giant cockroaches
  16 goblins
  9 hobgoblins
  15 jackals
  8 quokkas
  2 ball pythons
  10 bats
  A frilled lizard (D:1)
  A giant cockroach zombie (D:5)
  2 jackal skeletons
  8 kobolds
  A leopard gecko skeleton (D:4)
  2 leopard gecko zombies
  A quokka skeleton (D:7)
  9 rats
2310 creatures vanquished.

Vanquished Creatures (others)
  A deep elf annihilator (Elf:3)
  24 dancing weapons
  2 deep elf magi (Elf:1)
  A troll (D:15)
  A spriggan (Zig:10)
  A warg (Vaults:4)
  An orc warrior (Vaults:1)
  A jelly (D:13)
  A bush (Swamp:4)
  10 foxfires
  34 fungi
  180 plants
257 creatures vanquished.

Grand Total: 2567 creatures vanquished

Notes
Turn   | Place    | Note
-------+----------+-------------------------------------------
     0 | D:1      | oldmanjim the Minotaur Fighter began the quest for the Orb.
     0 | D:1      | Reached XP level 1. HP: 19/19 MP: 0/0
    58 | D:1      | Reached XP level 2. HP: 19/27 MP: 1/1
   363 | D:1      | Reached skill level 4 in Fighting
   792 | D:2      | Reached XP level 3. HP: 29/33 MP: 2/2
   937 | D:2      | Noticed Natasha
   944 | D:2      | Killed Natasha
  1129 | D:2      | Reached XP level 4. HP: 41/41 MP: 3/3
  1536 | D:2      | Found a radiant altar of Vehumet.
  1810 | D:3      | Found an iron altar of Okawaru.
  1810 | D:3      | Found a basalt altar of Yredelemnul.
  2008 | D:3      | Found a shimmering altar of Xom.
  2194 | D:4      | Reached skill level 5 in Shields
  2194 | D:4      | Reached XP level 5. HP: 35/47 MP: 4/4
  2362 | D:4      | Reached skill level 5 in Fighting
  2429 | D:4      | Found a runed translucent door.
  2430 | D:4      | Noticed Crazy Yiuf
  2973 | D:4      | Noticed Sigmund
  2980 | D:4      | Killed Sigmund
  2981 | D:4      | Reached XP level 6. HP: 39/57 MP: 5/5
  3225 | D:4      | Reached skill level 5 in Axes
  3326 | D:4      | Noticed Robin
  3357 | D:4      | Killed Robin
  3609 | D:5      | Entered Level 5 of the Dungeon
  3836 | D:5      | Reached skill level 6 in Fighting
  3840 | D:5      | Found a stormy altar of Qazlal.
  3867 | D:5      | Reached XP level 7. HP: 59/63 MP: 4/6
  4354 | D:5      | Found a glowing golden altar of the Shining One.
  4427 | D:5      | Found a staircase to the Ecumenical Temple.
  4436 | Temple   | Entered the Ecumenical Temple
  4554 | Temple   | Became a worshipper of Gozag Ym Sagoz the Greedy
  4604 | D:5      | Reached skill level 7 in Fighting
  4702 | D:5      | Found a glowing silver altar of Zin.
  5092 | D:6      | Reached XP level 8. HP: 73/73 MP: 7/7
  5198 | D:6      | Got a jewelled scale mail
  5217 | D:6      | Identified the +5 scale mail "Xaregifown" {+Blink rC- rCorr
                  | Str+2 Dex+2} (You found it on level 6 of the Dungeon)
  5558 | D:6      | Found a stormy altar of Qazlal.
  5566 | D:6      | Reached skill level 8 in Fighting
  6020 | D:7      | Reached skill level 9 in Fighting
  6020 | D:7      | Reached XP level 9. HP: 79/83 MP: 6/8
  6090 | D:7      | Noticed a boulder beetle
  6106 | D:7      | Killed a boulder beetle
  6107 | D:7      | Reached skill level 10 in Fighting
  6107 | D:7      | Reached skill level 10 in Shields
  6640 | D:7      | Noticed a two-headed ogre
  6667 | D:7      | Killed a two-headed ogre
  6668 | D:7      | Reached XP level 10. HP: 86/93 MP: 7/9
  6759 | D:7      | Killed an unseen horror
  6922 | D:7      | Got a heavily runed iron ring
  6922 | D:7      | Got a pitted graven amulet
  6923 | D:7      | Got a turquoise-encrusted ring mail
  6934 | D:7      | Identified the amulet of Nimiw {Acrobat rElec rC- Str+3
                  | SInv} (You found it on level 7 of the Dungeon)
  6944 | D:7      | Identified the +4 ring mail of Meaq {rPois Regen+ rCorr
                  | Stlth-} (You found it on level 7 of the Dungeon)
  6946 | D:7      | Identified the ring "Meyklit" {*Tele Will++} (You found it
                  | on level 7 of the Dungeon)
  7335 | D:8      | Found a transporter.
  7685 | D:8      | Found Ujo Taca's Weapon Shop.
  7712 | D:8      | Found a hazy altar of Hepliaklqana.
  7741 | D:8      | Found a transporter.
  7744 | D:8      | Noticed buriedalive's ghost (novice DECj)
  7754 | D:8      | Found Xyudgheih's Antique Armour Shoppe.
  7781 | D:8      | Found Cihiaph's Book Shoppe.
  7899 | D:8      | Noticed an oklob plant
  7899 | D:8      | Noticed a two-headed ogre
  7931 | D:8      | Found Pekeg's Book Shoppe.
  8257 | D:8      | Killed buriedalive's ghost
  8265 | D:8      | Killed a two-headed ogre
  8266 | D:8      | Reached skill level 15 in Shields
  8268 | D:8      | Reached skill level 1 in Crossbows
  8275 | D:8      | Reached skill level 1 in Evocations
  8555 | D:8      | Killed an oklob plant
  8939 | D:9      | Noticed axecop's ghost (novice NaDe)
  8940 | D:9      | Noticed a five-headed hydra
  8955 | D:9      | Found a transporter.
  8959 | D:9      | Noticed a moth of wrath
  9018 | D:9      | Reached skill level 5 in Armour
  9018 | D:9      | Reached XP level 11. HP: 55/99 MP: 10/10
  9333 | D:9      | Found a white marble altar of Elyvilon.
  9385 | D:9      | Found a staircase to the Lair.
  9432 | D:9      | Found a transporter.
 10032 | D:10     | Entered Level 10 of the Dungeon
 10042 | D:10     | Found a shadowy altar of Dithmenos.
 11095 | D:11     | Noticed a purple ugly thing
 11111 | D:11     | Killed a purple ugly thing
 11137 | D:11     | Noticed a purple ugly thing
 11158 | D:11     | Killed a purple ugly thing
 11187 | D:11     | Noticed a two-headed ogre
 11188 | D:11     | Noticed a green ugly thing
 11191 | D:11     | Noticed a green ugly thing
 11197 | D:11     | Killed a two-headed ogre
 11198 | D:11     | Reached skill level 5 in Crossbows
 11564 | D:10     | Killed a green ugly thing
 11718 | D:11     | Killed a green ugly thing
 12044 | D:11     | Reached skill level 5 in Evocations
 12892 | D:12     | Noticed an orange crystal statue
 12951 | D:12     | Found Qudoozotir's Antique Weapon Shop.
 12961 | D:12     | Noticed an unseen horror
 12971 | D:12     | Killed an unseen horror
 12972 | D:12     | Reached XP level 12. HP: 106/106 MP: 11/11
 13169 | D:12     | Found a staircase to the Orcish Mines.
 13436 | D:12     | Found a roughly hewn altar of Beogh.
 14447 | Lair:1   | Entered Level 1 of the Lair of Beasts
 14475 | Lair:1   | Got a fine trident
 14476 | Lair:1   | Identified the +6 trident of Kerozenif {speed, Str+3} (You
                  | found it on level 1 of the Lair of Beasts)
 14896 | Lair:1   | Noticed a seven-headed hydra
 14897 | Lair:1   | Noticed Maggie
 14910 | Lair:1   | Killed a seven-headed hydra
 14911 | Lair:1   | Reached skill level 10 in Armour
 14915 | Lair:1   | Killed Maggie
 15803 | Lair:2   | Noticed a five-headed hydra
 15815 | Lair:2   | Killed a five-headed hydra
 16072 | Lair:2   | Noticed a six-headed hydra
 16158 | Lair:2   | Killed a six-headed hydra
 16344 | Lair:2   | Reached skill level 10 in Crossbows
 16636 | Lair:2   | Noticed a seven-headed hydra
 16645 | Lair:2   | Killed a seven-headed hydra
 16646 | Lair:2   | Reached skill level 1 in Dodging
 17191 | Lair:3   | Found a shimmering altar of Xom.
 17419 | Lair:3   | Got an ancient plate armour
 17430 | Lair:3   | Identified the +9 plate armour of Timusholaq {Rampage
                  | Regen+} (You found it on level 3 of the Lair of Beasts)
 17706 | Lair:3   | Reached XP level 13. HP: 113/113 MP: 12/12
 17721 | Lair:3   | You fall into a shaft and drop 1 floor!
 17773 | Lair:4   | Reached skill level 5 in Dodging
 17872 | Lair:4   | Reached skill level 10 in Axes
 18022 | Lair:4   | Found a runed translucent door.
 18906 | Lair:4   | Found a hole to the Spider Nest.
 18920 | Lair:4   | Reached skill level 11 in Fighting
 19125 | Lair:4   | Found a staircase to the Swamp.
 19387 | Lair:4   | Noticed Nessos
 19416 | Lair:4   | Killed Nessos
 19738 | D:8      | Bought the +18 shield of the Gong {rElec rN+ Will+ EV-5}
                  | for 3697 gold pieces
 19738 | D:8      | Found the +18 shield of the Gong {rElec rN+ Will+ EV-5}
 20061 | Lair:5   | Reached skill level 12 in Fighting
 21069 | Lair:6   | Entered Level 6 of the Lair of Beasts
 21086 | Lair:6   | Reached XP level 14. HP: 111/126 MP: 13/13
 21097 | Lair:6   | Noticed Snorg
 21746 | Lair:6   | Reached skill level 13 in Fighting
 21921 | Lair:6   | Reached skill level 15 in Axes
 21935 | Lair:6   | Killed Snorg
 22516 | D:8      | Bought the +8 hand crossbow of Law {penet, rPois} for 898
                  | gold pieces
 23017 | Lair:6   | Found a staircase to the Slime Pits.
 23577 | D:8      | Bought a pair of glowing boots for 285 gold pieces
 23702 | D:12     | Found Jopad's Jewellery Shop.
 23820 | D:12     | Found Oqatab's Gadget Emporium.
 24124 | D:13     | Reached XP level 15. HP: 112/137 MP: 14/14
 24518 | D:13     | Reached skill level 14 in Fighting
 25052 | D:12     | Bought a runed broad axe for 203 gold pieces
 25251 | D:14     | Got a shimmering whip
 25252 | D:14     | Identified the +8 whip of Objectivity {elec, rElec rF+
                  | Will+ Int-5} (You found it on level 14 of the Dungeon)
 25270 | D:14     | Noticed Roxanne
 25291 | D:14     | Killed Roxanne
 25497 | D:14     | Found a white marble altar of Elyvilon.
 25512 | D:14     | Got a crude hunting sling
 25513 | D:14     | Identified the +5 hunting sling of Bimiliu {venom, rC+
                  | Str+4 Int+4} (You found it on level 14 of the Dungeon)
 26219 | D:14     | Found a gate to the Vaults.
 26295 | D:15     | Entered Level 15 of the Dungeon
 26661 | D:15     | Noticed Agnes
 26670 | D:15     | Killed Agnes
 26723 | D:15     | Found a large runed translucent door.
 26723 | D:15     | Found a large runed translucent door.
 26728 | D:15     | Noticed Kuralita's ghost (journeyman OpTm)
 26797 | D:15     | Reached skill level 15 in Fighting
 27309 | D:15     | Found a staircase to the Depths.
 27730 | D:15     | Killed Kuralita's ghost
 27824 | Orc:1    | Entered Level 1 of the Orcish Mines
 27824 | Orc:1    | Noticed Erolcha
 27826 | Orc:1    | Killed Erolcha
 28136 | Orc:2    | Entered Level 2 of the Orcish Mines
 28810 | Orc:2    | Found Etorghy's Magic Scroll Emporium.
 28817 | Orc:2    | Reached XP level 16. HP: 144/149 MP: 15/15
 28828 | Orc:2    | Found Soxtazu's Magic Scroll Shoppe.
 28996 | Orc:2    | Bought a scroll of identify for 34 gold pieces
 28996 | Orc:2    | Bought a scroll of noise for 17 gold pieces
 28996 | Orc:2    | Bought a scroll of identify for 34 gold pieces
 28996 | Orc:2    | Bought a scroll of enchant armour for 127 gold pieces
 29003 | Orc:2    | Bought a scroll of fog for 28 gold pieces
 29030 | Orc:2    | Noticed Sonja
 29042 | Orc:2    | Killed Sonja
 29044 | Orc:2    | Noticed Urug
 29053 | Orc:2    | Killed Urug
 29076 | Orc:2    | Found a staircase to the Elven Halls.
 29146 | Orc:2    | Reached skill level 15 in Armour
 29285 | Orc:2    | Found Piemetu's Gadget Boutique.
 29285 | Orc:2    | Found Daumuaps's Antique Weapon Shop.
 29286 | Orc:2    | Found a one-way gate leading to the halls of Pandemonium.
 29423 | Orc:2    | Found Cecuiqou's Magic Scroll Shoppe.
 29431 | Orc:2    | Bought a scroll of teleportation for 45 gold pieces
 29431 | Orc:2    | Bought a scroll of acquirement for 780 gold pieces
 29431 | Orc:2    | Bought a scroll of enchant weapon for 112 gold pieces
 29431 | Orc:2    | Bought a scroll of enchant armour for 112 gold pieces
 29431 | Orc:2    | Bought a scroll of summoning for 142 gold pieces
 29435 | Orc:2    | Acquired a manual of Crossbows
 29675 | Orc:2    | Bought a scroll of brand weapon for 340 gold pieces
 29956 | Swamp:1  | Entered Level 1 of the Swamp
 31878 | Swamp:3  | Noticed Louise
 31889 | Swamp:3  | Killed Louise
 31919 | Swamp:3  | Reached XP level 17. HP: 156/156 MP: 16/16
 32307 | Swamp:4  | Entered Level 4 of the Swamp
 33121 | Swamp:4  | Noticed the 27-headed Lernaean hydra
 33130 | Swamp:4  | Killed the 27-headed Lernaean hydra
 33289 | Swamp:4  | Got a decaying rune of Zot
 33580 | Spider:1 | Entered Level 1 of the Spider Nest
 33822 | Spider:1 | Noticed Frances
 33836 | Spider:1 | Killed Frances
 33837 | Spider:1 | Reached skill level 10 in Dodging
 34114 | Spider:1 | Reached skill level 15 in Crossbows
 34416 | Spider:2 | Noticed Nikola
 34457 | Spider:2 | Killed Nikola
 34872 | Spider:2 | Reached XP level 18. HP: 143/166 MP: 17/17
 35097 | Spider:3 | Noticed Aizul
 35130 | Spider:2 | Killed Aizul
 35289 | Spider:3 | Reached skill level 16 in Fighting
 35908 | Spider:4 | Entered Level 4 of the Spider Nest
 36891 | Spider:4 | Got a gossamer rune of Zot
 37023 | Spider:4 | Found a runed translucent gate.
 37024 | Spider:4 | Found a runed translucent gate.
 37025 | Spider:4 | Found a runed translucent gate.
 37025 | Spider:4 | Noticed Bolleh's ghost (journeyman GnSk)
 37063 | Spider:4 | Killed Bolleh's ghost
 37482 | Vaults:1 | Entered Level 1 of the Vaults
 37579 | Vaults:1 | Reached skill level 17 in Fighting
 38490 | Vaults:1 | Reached XP level 19. HP: 177/177 MP: 18/18
 38821 | Vaults:1 | Found Xubem's Antique Weapon Boutique.
 39286 | Vaults:2 | Reached skill level 18 in Fighting
 39714 | Vaults:2 | Found Volad's General Store.
 39717 | Vaults:2 | Bought a scroll of blinking for 90 gold pieces
 40030 | Vaults:2 | Found Mypnetui's Book Boutique.
 40237 | Vaults:2 | Found Vaenonur's Gadget Shop.
 40245 | Vaults:2 | Bought a wand of iceblast (2) for 126 gold pieces
 40245 | Vaults:2 | Bought a wand of acid (6) for 420 gold pieces
 40245 | Vaults:2 | Bought a wand of digging (5) for 378 gold pieces
 40245 | Vaults:2 | Bought a wand of acid (9) for 546 gold pieces
 40246 | Vaults:2 | Bought a phantom mirror for 840 gold pieces
 40297 | Vaults:2 | Found Uqoek's Antique Armour Boutique.
 40636 | Vaults:2 | Found Wavoif's Armour Shoppe.
 40930 | Vaults:3 | Found a flickering gateway to a bazaar.
 40939 | Bazaar   | Entered a bazaar
 40939 | Bazaar   | Found Qyurcheho's Weapon Boutique.
 40939 | Bazaar   | Found Astreiti's Armour Shop.
 40939 | Bazaar   | Found Care's Weapon Shop.
 40951 | Bazaar   | Bought the +9 broad axe of Tenacity {protect, *Noise Int+8
                  | Dex+3} for 687 gold pieces
 40963 | Vaults:3 | Reached XP level 20. HP: 189/189 MP: 19/19
 41208 | Vaults:3 | Found a staircase to the Crypt.
 41294 | Vaults:3 | Noticed Asterion
 41303 | Vaults:3 | Killed Asterion
 41682 | Vaults:3 | Reached skill level 19 in Fighting
 42204 | Vaults:3 | Found a huge runed gate.
 42204 | Vaults:3 | Found a huge runed gate.
 42204 | Vaults:3 | Found a huge runed gate.
 42204 | Vaults:3 | Found a huge runed gate.
 42204 | Vaults:3 | Found a huge runed gate.
 42204 | Vaults:3 | Found a huge runed gate.
 42205 | Vaults:3 | Found a huge runed gate.
 42205 | Vaults:3 | Found a huge runed gate.
 42205 | Vaults:3 | Found a huge runed gate.
 42205 | Vaults:3 | Found a huge runed gate.
 42208 | Vaults:3 | Found a huge runed gate.
 42208 | Vaults:3 | Found a huge runed gate.
 42208 | Vaults:3 | Found a huge runed gate.
 42208 | Vaults:3 | Found a huge runed gate.
 42208 | Vaults:3 | Found a huge runed gate.
 42208 | Vaults:3 | Found a huge runed gate.
 42209 | Vaults:3 | Found a huge runed gate.
 42210 | Vaults:3 | Found a huge runed gate.
 42211 | Vaults:3 | Found a huge runed gate.
 42219 | Vaults:3 | Found a huge runed gate.
 42219 | Vaults:3 | Found a huge runed gate.
 42219 | Vaults:3 | Found a huge runed gate.
 42219 | Vaults:3 | Found a huge runed gate.
 42219 | Vaults:3 | Found a huge runed gate.
 42219 | Vaults:3 | Found a huge runed gate.
 42220 | Vaults:3 | Found a huge runed gate.
 42221 | Vaults:3 | Found a huge runed gate.
 42222 | Vaults:3 | Found a huge runed gate.
 42232 | Vaults:3 | Found a huge runed gate.
 42232 | Vaults:3 | Found a huge runed gate.
 42232 | Vaults:3 | Found a huge runed gate.
 42232 | Vaults:3 | Found a huge runed gate.
 42232 | Vaults:3 | Found a huge runed gate.
 42232 | Vaults:3 | Found a huge runed gate.
 42233 | Vaults:3 | Found a huge runed gate.
 42234 | Vaults:3 | Found a huge runed gate.
 42304 | Vaults:3 | Noticed a golden dragon
 42304 | Vaults:3 | Identified the +8 flail "Josazoucw" {vorpal, rElec rPois
                  | Will+ Dex+4}
 42304 | Vaults:3 | Identified the +4 quarterstaff "Kedypet" {vorpal, rElec}
 42307 | Vaults:3 | a golden dragon changed into an acid blob
 43548 | Vaults:3 | Found a staircase to the Crypt.
 43807 | Vaults:4 | Reached skill level 10 in Evocations
 44430 | Vaults:4 | Reached skill level 15 in Dodging
 44560 | Vaults:4 | Reached XP level 21. HP: 200/200 MP: 20/20
 44561 | Vaults:4 | Reached skill level 20 in Fighting
 44859 | Vaults:4 | Found Usaleetu's Distillery.
 44867 | Vaults:4 | Bought a potion of heal wounds for 85 gold pieces
 44867 | Vaults:4 | Bought a potion of haste for 170 gold pieces
 44867 | Vaults:4 | Bought a potion of haste for 170 gold pieces
 44867 | Vaults:4 | Bought 2 potions of curing for 102 gold pieces
 44867 | Vaults:4 | Bought a potion of heal wounds for 85 gold pieces
 44867 | Vaults:4 | Bought a potion of haste for 170 gold pieces
 45910 | Elf:1    | Entered Level 1 of the Elven Halls
 46015 | Elf:1    | Gained mutation: Your body sometimes deteriorates upon
                  | taking damage. [a neqoxec]
 46261 | Elf:1    | Reached skill level 21 in Fighting
 46341 | Elf:1    | Found a runed translucent gate.
 46341 | Elf:1    | Found a runed translucent gate.
 46341 | Elf:1    | Found a runed translucent gate.
 46362 | Elf:1    | Found an opulent altar of Gozag.
 46363 | Elf:1    | Found Boiz's Assorted Antiques.
 46363 | Elf:1    | Noticed wjchen's ghost (adept MiFi)
 46364 | Elf:1    | Found Rihomu's Assorted Antiques.
 46648 | Elf:1    | Identified the Reference Book on Sinister Secrets
 46721 | Elf:1    | Found Ixayrgho's Assorted Antiques.
 46723 | Elf:1    | Found Micw's Jewellery Shop.
 46726 | Elf:1    | Found Futaucif's Antique Weapon Boutique.
 46736 | Elf:1    | Bought an ancient war axe for 212 gold pieces
 46738 | Elf:1    | Identified the +10 war axe "Godunk" {vorpal, rC- rN+ Str+3
                  | Dex+2} (You bought it in a shop on level 1 of the Elven
                  | Halls)
 47018 | Elf:1    | Noticed Azrael
 47029 | Elf:1    | Killed Azrael
 47275 | Elf:1    | Killed wjchen's ghost
 47320 | Elf:1    | Bought a wand of acid (7) for 296 gold pieces
 47320 | Elf:1    | Bought a pair of embroidered boots for 277 gold pieces
 47331 | Elf:1    | Bought a scroll of magic mapping for 77 gold pieces
 47331 | Elf:1    | Bought a copper ring for 110 gold pieces
 47341 | Elf:1    | Identified a +2 pair of boots of running (You bought it in
                  | a shop on level 1 of the Elven Halls)
 47676 | Elf:2    | Found a runed translucent door.
 47679 | Elf:2    | Noticed axecop's ghost (adept DsAK)
 47690 | Elf:2    | Killed axecop's ghost
 47871 | Elf:2    | Reached skill level 22 in Fighting
 48075 | Elf:2    | Found a huge runed translucent gate.
 48075 | Elf:2    | Found a huge runed translucent gate.
 48075 | Elf:2    | Found a huge runed translucent gate.
 48075 | Elf:2    | Found a huge runed translucent gate.
 48077 | Elf:2    | Found a huge runed translucent gate.
 48728 | Elf:3    | Entered Level 3 of the Elven Halls
 48823 | Elf:3    | Reached XP level 22. HP: 210/215 MP: 21/21
 48909 | Elf:3    | Identified the ring of Fedhas's Benevolence {rPois rF-
                  | Will+ Int+6}
 49044 | Elf:3    | Gained mutation: Armour fits poorly on your strangely
                  | shaped body. [a cacodemon]
 49986 | Elf:3    | Identified Oloq's Almanac of Sinister Ignition
 50002 | Elf:3    | Got a scintillating bronze ring
 50004 | Elf:3    | Identified the ring "Ahedim" {rF- rC- rN+++ rCorr Slay+4}
                  | (You found it on level 3 of the Elven Halls)
 50032 | Elf:3    | Got a slimy ring mail
 50033 | Elf:3    | Identified the +7 ring mail of the Land of Plenty {rC+
                  | Regen+} (You found it on level 3 of the Elven Halls)
 50044 | Elf:3    | Got a transparent hand axe
 50045 | Elf:3    | Identified the +6 hand axe of the Hidden Gods {drain, rPois
                  | rC- Str+3} (You found it on level 3 of the Elven Halls)
 50563 | D:15     | Bought +2 gold dragon scales for 2208 gold pieces
 50579 | D:15     | Bought a diamond ring for 180 gold pieces
 50579 | D:15     | Bought a scroll of summoning for 342 gold pieces
 51021 | Depths:1 | Entered Level 1 of the Depths
 51096 | Depths:1 | Found a one-way gate to the infinite horrors of the Abyss.
 51322 | Depths:1 | Reached skill level 23 in Fighting
 51552 | Depths:1 | Gained mutation: You occasionally shout uncontrollably at
                  | your foes. [a cacodemon]
 51578 | Depths:1 | Noticed the Enchantress
 51841 | D:15     | Killed the Enchantress
 52311 | Depths:1 | Found a gateway to Hell.
 52879 | Depths:1 | Got a smoking plate armour
 53015 | Depths:1 | Identified the +2 plate armour of Sisoc {-Tele Regen+ Str+7
                  | Stlth+} (You found it on level 1 of the Depths)
 53322 | Depths:2 | Reached XP level 23. HP: 227/227 MP: 22/22
 55648 | Depths:3 | Reached skill level 24 in Fighting
 55835 | Depths:3 | Noticed Mara
 55855 | Depths:3 | Killed Mara
 56010 | Depths:3 | Reached skill level 15 in Evocations
 56016 | Depths:3 | Noticed Frederick
 56029 | Depths:3 | Killed Frederick
 57493 | Depths:4 | Noticed a caustic shrike
 57505 | Depths:4 | Noticed a caustic shrike
 57514 | Depths:4 | Reached XP level 24. HP: 200/238 MP: 22/22
 59042 | Depths:4 | Identified the amulet of Ketoanus {Faith MP+9 Str-5 Int+3
                  | Dex+3}
 61296 | Depths:4 | Found a gateway to a ziggurat.
 61303 | Zig:1    | Entered Level 1 of a ziggurat
 61309 | Zig:1    | Paralysed by a floating eye for 3 turns
 61336 | Zig:2    | Entered Level 2 of a ziggurat
 61492 | Zig:3    | Entered Level 3 of a ziggurat
 61494 | Zig:3    | Noticed a Killer Klown
 61499 | Zig:3    | Noticed a Killer Klown
 61534 | Zig:3    | Killed a Killer Klown
 61670 | Zig:4    | Entered Level 4 of a ziggurat
 61749 | Zig:4    | Reached XP level 25. HP: 159/246 MP: 22/22
 61991 | Zig:4    | Identified the cursed +1 mace of Hospitality {drain, rF+
                  | Str+3} (You found it on level 4 of a ziggurat)
 61995 | Zig:5    | Entered Level 5 of a ziggurat
 61999 | Zig:5    | Noticed a Killer Klown
 62029 | Zig:5    | Killed a Killer Klown
 62179 | Zig:6    | Entered Level 6 of a ziggurat
 62444 | Zig:6    | Got a translucent marble ring
 62445 | Zig:6    | Identified the ring of the Burgomaster {Will+ Int+3 Stlth-}
                  | (You found it on level 6 of a ziggurat)
 62491 | Zig:7    | Entered Level 7 of a ziggurat
 62506 | Zig:7    | Paralysed by accursed screaming for 1 turns
 62683 | Zig:8    | Entered Level 8 of a ziggurat
 62832 | Zig:8    | Got a transparent brass ring
 62844 | Zig:8    | Identified the ring "Costios" {Will- MP+9 Dex+4} (You found
                  | it on level 8 of a ziggurat)
 62856 | Zig:9    | Entered Level 9 of a ziggurat
 63111 | Zig:9    | Reached skill level 25 in Fighting
 63111 | Zig:9    | Reached XP level 26. HP: 258/258 MP: 22/22
 63128 | Zig:10   | Entered Level 10 of a ziggurat
 63434 | Zig:10   | Reached XP level 27. HP: 266/266 MP: 22/22
 63444 | Zig:11   | Entered Level 11 of a ziggurat
 64020 | Zig:11   | Found the +12 glaive of Prune {vorpal}
 64031 | Zig:11   | Got an ancient wooden ring
 64033 | Zig:11   | Identified the ring "Ykistreaff" {*Tele Int+3} (You found
                  | it on level 11 of a ziggurat)
 64046 | Zig:11   | Got a crude mace
 64047 | Zig:11   | Identified the +9 mace "Loit" {vorpal, *Drain rF++ rN++}
                  | (You found it on level 11 of a ziggurat)
 64054 | Zig:12   | Entered Level 12 of a ziggurat
 65371 | Depths:5 | Entered Level 5 of the Depths
 65658 | Depths:5 | Noticed Saint Roka
 65676 | Depths:5 | Killed Saint Roka
 66180 | Depths:5 | Reached skill level 26 in Fighting
 66322 | Depths:5 | Found a snail-covered altar of Cheibriados.
 66447 | Depths:5 | Found a gate to the Realm of Zot.
 66582 | Depths:5 | Found a runed translucent gate.
 66583 | Depths:5 | Found a runed translucent gate.
 66583 | Depths:5 | Found a runed translucent gate.
 66664 | Depths:5 | Found a runed translucent gate.
 66664 | Depths:5 | Found a runed translucent gate.
 66673 | Depths:5 | Noticed Fidoaf's ghost (adept DgCj)
 66679 | Depths:5 | Found a runed translucent gate.
 66742 | Depths:5 | Killed Fidoaf's ghost
 67087 | Depths:5 | Got a twisted cloak
 67099 | Depths:5 | Identified the +0 cloak of Buycomih {-Tele rPois rN++
                  | Int-3} (You found it on level 5 of the Depths)
 67556 | Slime:1  | Entered Level 1 of the Pits of Slime
 67718 | Slime:2  | Gained mutation: Scrolls take you a little longer to read.
                  | [a shining eye]
 67725 | Slime:2  | Gained mutation: Your magical capacity is low. (-10% MP) [a
                  | shining eye]
 67758 | Slime:2  | Gained mutation: Your spells are a little easier to cast,
                  | but a little less powerful. [a shining eye]
 67760 | Slime:2  | Gained mutation: Your spells are easier to cast, but less
                  | powerful. [a shining eye]
 68055 | Slime:2  | Gained mutation: You tend to lose your temper in combat. [a
                  | shining eye]
 68969 | Slime:3  | Reached skill level 27 in Fighting
 69420 | Slime:3  | Reached skill level 1 in Throwing
 70329 | Slime:3  | Lost mutation: Armour fits poorly on your strangely shaped
                  | body. [potion of mutation]
 70329 | Slime:3  | Lost mutation: Scrolls take you a little longer to read.
                  | [potion of mutation]
 70329 | Slime:3  | Lost mutation: Your spells are easier to cast, but less
                  | powerful. [potion of mutation]
 70329 | Slime:3  | Lost mutation: You tend to lose your temper in combat.
                  | [potion of mutation]
 70329 | Slime:3  | Gained mutation: You sometimes yell uncontrollably at your
                  | foes. [potion of mutation]
 70329 | Slime:3  | Gained mutation: You have large cloven feet. [potion of
                  | mutation]
 70329 | Slime:3  | Gained mutation: You are partially covered in iridescent
                  | scales. (AC +2) [potion of mutation]
 70665 | Slime:4  | Reached skill level 5 in Throwing
 70668 | Slime:4  | Gained mutation: Scrolls take you a little longer to read.
                  | [a shining eye]
 70671 | Slime:4  | Gained mutation: Your magical capacity is very low. (-20%
                  | MP) [a shining eye]
 71242 | Slime:5  | Entered Level 5 of the Pits of Slime
 71357 | Slime:5  | Noticed the Royal Jelly
 71378 | Slime:4  | HP: 12/273 [acid blob[the Royal Jelly] (13)]
 71378 | Slime:4  | HP: 2/273 [acid[the Royal Jelly] (5)]
 71378 | Slime:4  | Killed from afar by an acid blob

Illustrated notes

Levels and vault maps discovered:
D:1:      psy_arrival_dodecagon, layout_loops_cross, serial_glass,
          glass_columns_b, glass_columns_a
D:2:      layout_basic, vehumet_crystals, uniq_natasha
D:3:      layout_basic, lemuel_doored_altar, amethyst_overflow_temple_binary,
          minmay_misc_feat_five
D:4:      kennysheep_goblin_castle, layout_rooms, minmay_tree_intersection,
          minmay_misc_feat_chi, uniq_crazy_yiuf_cottage, uniq_sigmund
D:5:      layout_basic, zin_statuary, minmay_temple_entry_mist, basic_altar,
          nicolae_tso_carved_into_rock
D:6:      layout_basic, lemuel_coloured_pillars_altar
D:7:      minmay_the_grid_plus_closed [minmay_the_grid_medium_cups,
          minmay_the_grid_spin_star, minmay_the_grid_slots,
          minmay_the_grid_large_cup, minmay_the_grid_prize_shrinking_boxes],
          layout_loops_ring, dk_vineyard_2, grunt_ministairs_13
D:8:      layout_basic, kennysheep_little_box, serial_shops, shop,
          nicolae_shop_competitors_out_of_business, shop, nicolae_shop_crystal,
          nzn_ghost_randoct, minmay_nine_imps
D:9:      layout_basic, grunt_lair_entry_orc_guard_hut,
          gammafunk_ghost_berserking_beasts, basic_altar
D:10:     layout_loops_ring, minmay_door_square, nicolae_dithmenos_the_darkroom
D:11:     layout_cave_pods
D:12:     layout_basic, orc_0_dummy, serial_shops,
          nicolae_shop_overgrown_old_shop, shop, shop, special_room
          [special_room_orc], minivault_16, minmay_orc_keep
D:13:     layout_long_grid, minmay_misc_feat_square, st_stairs_13
D:14:     layout_basic, david_vaults_5, serial_bayou, serial_bayou_shore_b,
          serial_bayou_ford_a, serial_bayou_pond_c, serial_bayou_pond_c,
          drop_trap, elyvilon_altar_3, uniq_roxanne
D:15:     gammafunk_enter_depths_forms, layout_irregular_city,
          ebering_ghost_disaster_area, small_statue_intersection, uniq_agnes
Temple:   regret_index_temple_waves
Lair:1:   layout_loops_ring, grunt_megastairs_5, uniq_maggie
Lair:2:   layout_long_grid, minmay_lair_oklob_chamber
Lair:3:   layout_long_grid, basic_altar
Lair:4:   layout_cave_pods, minmay_swamp_entry_wisps, spider_nest_entry_a,
          pf_torpor_hydra, uniq_nessos
Lair:5:   layout_layer_cave, dpeg_oklob_1
Lair:6:   minmay_lair_end_frog_pond, layout_small_grid, slime_dummy, uniq_snorg
Swamp:1:  layout_falls_marsh, evilmike_swamp_ruin_house_1,
          nicolae_swamp_very_dense_foliage
Swamp:2:  layout_basic_swamp, hangedman_swamp_cone, swamp_pool1, ldierk_geyser
Swamp:3:  layout_basic_swamp, evilmike_swamp_ruin_house_2, uniq_louise
Swamp:4:  grunt_swamp_rune_castle, layout_basic_swamp
Spider:1: layout_spider_delve, uniq_frances
Spider:2: layout_spider_delve, nicolae_looking_at_the_future, uniq_nikola
Spider:3: layout_spider_delve, uniq_aizul
Spider:4: grunt_spider_rune_circles, gammafunk_ghost_tricky_traps
Slime:1:  layout_caves
Slime:2:  layout_caves
Slime:3:  layout_caves, special_room [special_room_jelly]
Slime:4:  layout_caves
Slime:5
Orc:1:    layout_diamond_mine, uniq_erolcha
Orc:2:    pf_orc_diabolical, layout_caves, serial_shops,
          nicolae_shop_statue_plus, uniq_sonja, uniq_urug
Elf:1:    elf_arrival_002, layout_loops_corners, ebering_ghost_gozag,
          minmay_elf_necromancy, nicolae_elf_v_pinch, minmay_shop_star,
          uniq_azrael
Elf:2:    layout_loops_ring, ebering_ghost_reflecting_pool
Elf:3:    minmay_elf_hall_quartered_circle, layout_onion_city,
          grunt_megastairs_2
Vaults:1: vaults_room_hallway, vaults_room_door_hall, vaults_dpeg_doors,
          vaults_room_corners, v_misc_5, hangedman_vaults_capsules,
          hangedman_vaults_stretched_pinwheel, vaults_room_stairs_pillars,
          hangedman_vaults_stagger, vaults_room_semicircle, vaults_room_pools,
          layout_vaults_omnicross, serial_shops, nicolae_shop_statue_plus
Vaults:2: hangedman_vaults_nails, nicolae_vaults_three_branches,
          nicolae_vaults_ring_of_whatevers, sword_in_stone,
          layout_vaults_omnigrid, serial_shops, nicolae_shop_crystal,
          nicolae_shop_behind_doors, nicolae_shop_behind_doors, shop,
          nicolae_shop_behind_doors
Vaults:3: hangedman_vaults_slice, nicolae_vaults_what_the_h,
          hangedman_vaults_corner, v_misc_10, nicolae_vaults_network_s,
          vaults_standard_mumra_enter_the_diamond, vaults_door_vault,
          vaults_dpeg_spiral, minmay_crypt_entry_simple_walls,
          ontoclasm_vaults_fault, grunt_vaults_diagonal,
          layout_vaults_maze_bifur, serial_shops, bzr_entry_dummy, uniq_asterion
Vaults:4: vaults_room_boxed, nicolae_vaults_network_periphery,
          vaults_room_grunt_arrival_checkpoint, dpeg_vaults_monster_row,
          v_misc_29, nicolae_vaults_border_crossing, vaults_room_pools,
          vaults_dpeg_ring, layout_vaults_chaotic_city, serial_shops,
          nicolae_shop_statue_plus
Depths:1: layout_gridville, rand_demon_pan_entry_5, minmay_misc_feat_ornament,
          abyss_entry, hell_entry, kennysheep_potato, grunt_megastairs_1,
          uniq_enchantress
Depths:2: minmay_distorted_concentric_squares, layout_basic, hell_entry,
          kennysheep_random_hallway, infiniplex_staircase_spiral_double
Depths:3: minmay_quantized_circle, layout_gridlike, hell_entry,
          hangedman_abyss_entry_splay, grunt_decor_resistance,
          grunt_pan_entry_in_and_out, skrybe_limestone_x, st_stairs_11,
          infiniplex_staircase_door_maze, uniq_frederick, uniq_mara
Depths:4: minmay_octagon_city, layout_basic, enter_ziggurat_a,
          nicolae_water_bricks, hell_entry, rand_demon_pan_entry_7, abyss_entry,
          lightli_corner_chamber
Depths:5: grunt_zot_entry_bicorn, layout_gridville,
          ploomutoo_gammafunk_ghost_potion_laboratory, cheibriados_altar_1,
          hell_entry, serial_bayou_shore_b, uniq_saint_roka

Skill      XL: |  1  2  3  4  5  6  7  8  9 10 11 12 13 14 15 16 17 18 19 20 21 22 23 24 25 26 27 |
---------------+----------------------------------------------------------------------------------+-----
Armour         | 4 5 9 10 12 14 15 17 18 19 22 23 25 | 25.7
Shields        | 4 5 6 7 9 12 15 | 15.0
Fighting       | 4 5 6 7 9 10 12 13 15 17 18 19 22 23 24 25 27 | 27.0
Axes           | 3 4 5 6 8 9 13 15 17 19 20 | 20.0
Crossbows      | 2 7 10 12 16 17 18 | 18.0
Evocations     | 2 5 7 8 10 12 13 15 | 15.0
Dodging        | 4 5 8 10 13 15 20 | 20.3
Throwing       | 5 |  5.7

Action                   |  1- 3 |  4- 6 |  7- 9 | 10-12 | 13-15 | 16-18 | 19-21 | 22-24 | 25-27 || total
-------------------------+-------+-------+-------+-------+-------+-------+-------+-------+-------++-------
Melee: War axe           |    52 |   150 |   161 |    30 |       |       |       |       |       ||   393
       Headbutt          |     5 |    18 |    39 |   189 |   213 |   162 |   106 |   113 |   176 ||  1021
       Hand axe          |       |       |       |   562 |   439 |       |       |       |       ||  1001
       Trident           |       |       |       |    30 |   160 |       |       |       |       ||   190
       Broad axe         |       |       |       |       |   151 |   650 |   375 |   421 |   450 ||  2047
 Fire: Hunting sling     |       |    14 |    14 |       |       |       |       |       |       ||    28
       Hand crossbow     |       |       |     6 |   119 |   538 |   886 |  1215 |  1264 |   456 ||  4484
Throw: Dart              |       |    11 |    15 |    41 |       |       |       |       |       ||    67
       Throwing net      |       |       |       |       |       |       |       |     1 |     3 ||     4
Invok: Call Merchant     |       |       |       |       |       |       |       |     3 |       ||     3
 Abil: Evoke Blink       |       |       |       |     1 |       |       |       |       |       ||     1
Evoke: Wand              |       |       |       |     5 |       |     2 |       |     1 |       ||     8
       Phantom mirror    |       |       |       |       |       |       |       |       |     1 ||     1
  Use: Scroll            |     3 |       |     7 |    12 |    10 |    10 |     5 |     6 |     4 ||    57
       Potion            |       |       |       |     2 |     3 |     1 |       |     3 |     6 ||    15
 Stab: Sleeping          |       |     5 |       |       |       |       |       |       |       ||     5
       Distracted        |       |     1 |       |     2 |     3 |     6 |     6 |     7 |     3 ||    28
Armor: Ring mail         |    25 |    37 |    10 |       |       |       |       |       |       ||    72
       Scale mail        |       |       |    30 |   120 |       |       |       |       |       ||   150
       Plate armour      |       |       |       |    11 |   317 |   326 |   179 |    25 |       ||   858
       Gold dragon scale |       |       |       |       |       |       |       |   206 |   180 ||   386
Dodge: Dodged            |    21 |    44 |    52 |   148 |   144 |   118 |   119 |   121 |   126 ||   893
Block: Kite shield       |    32 |    79 |    94 |   330 |  1003 |  1063 |   954 |  1005 |   633 ||  5193
